 Dungeon Crawl Stone Soup version 0.23-a0-703-gdf2d5e0 (webtiles) character file.

877 zishaf the Cudgeler (level 7, -3/77 HPs)
             Began as a Troll Chaos Knight on Jan 13, 2019.
             Was a Plaything of Xom.
             Slain by a wight
             ... wielding a +3 halberd of protection
              (9 damage)
             ... on level 6 of the Dungeon.
             The game lasted 00:07:28 (3762 turns).

zishaf the Cudgeler (Troll Chaos Knight)            Turns: 3762, Time: 00:07:29

Health: -3/77      AC:  7    Str: 26    XL:     7   Next: 75%
Magic:  7/7        EV: 10    Int:  9    God:    Xom [......]
Gold:   277        SH:  0    Dex: 10    Spells: 6/6 levels left

rFire    . . .     SeeInvis .   a - +1 mace (chaos)
rCold    . . .     Gourm    +   (no shield)
rNeg     . . .     Faith    .   b - +2 robe
rPois    +         Spirit   .   (helmet restricted)
rElec    .         Reflect  .   e - scarf {cloud immunity}
rCorr    .         Harm     +   (gloves unavailable)
MR       .....                  (boots unavailable)
Stlth    +.........             k - amulet of harm
HPRegen  0.62/turn              g - +5 ring of strength
MPRegen  0.10/turn              s - ring of poison resistance

@: drained
A: large, unfitting armour, claws 3, fast metabolism 3, gourmand, regeneration
1, robust 1, shaggy fur 1, tough skin 2
a: Renounce Religion


You were on level 6 of the Dungeon.
You worshipped Xom.
You were a very special plaything of Xom.
You were completely stuffed.

You visited 1 branch of the dungeon, and saw 6 of its levels.

You collected 277 gold pieces.

Inventory:

Hand Weapons
 a - a +1 mace of chaos (weapon)
Missiles
 i - 176 stones (quivered)
 w - 3 tomahawks
Armour
 b - a +2 robe (worn)
 e - a scarf of cloud immunity (worn)
Magical Staves
 t - an uncursed staff of energy
Jewellery
 g - a +5 ring of strength (left claw)
 k - an amulet of harm (around neck)
 s - a ring of poison resistance (right claw)
Wands
 n - a wand of polymorph (5)
 p - a wand of enslavement (13)
 u - a wand of digging (5)
Scrolls
 d - 2 scrolls of remove curse
 j - a scroll of teleportation
 l - a scroll of fear
 m - a scroll of identify
 o - a scroll of enchant weapon
Potions
 f - 2 potions of agility
 h - 3 potions of heal wounds
 q - a potion of brilliance
 r - a potion of lignification
 v - 2 potions of magic
Comestibles
 c - 13 rations
 x - 5 chunks of flesh


   Skills:
 + Level 4.1(3.3) Fighting
 * Level 5.9(5.0) Maces & Flails
 + Level 3.8(2.9) Dodging
 + Level 2.2(1.3) Evocations


You had 6 spell levels left.
You didn't know any spells.
Your spell library contained the following spells:

 Spells                   Type           Power        Failure   Level  Hunger
 Corona                   Hex            #......      38%         1    ##.....
 Ensorcelled Hibernation  Hex/Ice        #.....       52%         2    ###....
 Confuse                  Hex            #.......     77%         3    ####...
 Dazzling Spray           Conj/Hex       #.....       77%         3    ####...
 Tukima's Dance           Hex            #.......     77%         3    ####...


Dungeon Overview and Level Annotations

Branches:
Dungeon (6/15)
 Temple: D:4-7

Altars:
Ashenzari
Dithmenos
Okawaru
Sif Muna
Vehumet
Zin
The Shining One

Shops:
D:5 }


Innate Abilities, Weirdness & Mutations

You are too large for most types of armour.
You have claws for hands.
Your metabolism is lightning-fast.
You like to eat raw meat.
Your natural rate of healing is unusually fast.
You are covered in fur. (AC +1)
You have very tough skin. (AC +2)
You are robust. (+10% HP)


Message History

* * * LOW HITPOINT WARNING * * *
You hit the wight but do no damage.
The wight seems to speed up.
The wight barely misses you.
You hit the wight.
The wight convulses.
The wight is moderately damaged.
The wight hits you with a +3 halberd of protection!
* * * LOW HITPOINT WARNING * * *
You feel drained.
* * * LOW HITPOINT WARNING * * *
The wight hits you with a +3 halberd of protection.
* * * LOW HITPOINT WARNING * * *
You feel drained.
You barely miss the wight.
The wight is moderately damaged.
The wight closely misses you.
You barely miss the wight.
The wight is moderately damaged.
The wight hits you with a +3 halberd of protection!
You die...
Xom laughs nastily!

#..#
#..#######.##
#<.#.........
####....#####.##
#.....[#..#
.....#....###
.###........##
......#.)..#
##.##.#@#.#..#
#. #.z........
#. #.#.#.#.###
#...#...## #. .
# ## .... .. ..
#.....


You could see a wight.

Vanquished Creatures
  2 wights (D:6)
  2 howler monkeys (D:5)
  A crimson imp (D:5)
  A centaur skeleton (D:5)
  Crazy Yiuf (D:2)
  An orc wizard (D:5)
  3 iguanas
  Ijyb (D:3)
  Terence (D:3)
  2 worker ants (D:5)
  A killer bee zombie (D:5)
  A hound skeleton (D:4)
  9 adders
  3 gnolls (D:5)
  9 river rats (D:5)
  An adder skeleton (D:4)
  A worm (D:4)
  4 dart slugs
  3 leopard geckos
  9 orcs
  10 bats
  5 giant cockroaches
  6 goblins
  3 hobgoblins
  4 jackals
  7 quokkas
  A ball python (D:3)
  A ball python zombie (D:5)
  7 frilled lizards
  A jackal skeleton (D:4)
  5 kobolds
  A leopard gecko skeleton (D:5)
  21 rats
128 creatures vanquished.

Vanquished Creatures (collateral kills)
  An ice beast (D:5)
  An orc priest (D:5)
  2 orc wizards (D:5)
  An adder skeleton (D:5)
  An orc (D:5)
  A jackal (D:5)
7 creatures vanquished.

Grand Total: 135 creatures vanquished

Notes
Turn   | Place    | Note
-------+----------+-------------------------------------------
     0 | D:1      | zishaf the Troll Chaos Knight began the quest for the Orb.
     0 | D:1      | Reached XP level 1. HP: 22/22 MP: 0/0
    67 | D:1      | Reached skill level 3 in Maces & Flails
    67 | D:1      | Reached XP level 2. HP: 26/29 MP: 1/1
   274 | D:1      | XOM: harmless Ice miscast
   573 | D:2      | Reached XP level 3. HP: 34/36 MP: 2/2
   961 | D:2      | Found a shadowy altar of Dithmenos.
  1067 | D:2      | Found a runed door.
  1071 | D:2      | Noticed Crazy Yiuf
  1076 | D:2      | Killed Crazy Yiuf
  1076 | D:2      | Reached XP level 4. HP: 45/45 MP: 3/3
  1446 | D:3      | Reached skill level 4 in Maces & Flails
  1456 | D:3      | Noticed Ijyb
  1484 | D:3      | Killed Ijyb
  1506 | D:3      | Reached XP level 5. HP: 53/53 MP: 4/4
  1510 | D:3      | Found a glowing golden altar of the Shining One.
  1558 | D:3      | XOM: god gift: gnarled smoking staff {god gift}
  1594 | D:3      | XOM: give mutation
  1594 | D:3      | Gained mutation: You are robust. (+10% HP) [Xom's grace]
  1650 | D:3      | Noticed Terence
  1653 | D:3      | XOM: cleaving
  1663 | D:3      | Killed Terence
  1910 | D:3      | Found a radiant altar of Vehumet.
  2065 | D:4      | XOM: cloud trail
  2468 | D:4      | XOM: polymorph quokka -> frilled lizard
  2649 | D:5      | Entered Level 5 of the Dungeon
  2649 | D:5      | Found a deep blue altar of Sif Muna.
  2692 | D:5      | XOM: scenery: 2 doors open, 1 doors close
  2695 | D:5      | XOM: summons friendly white imp
  2698 | D:5      | Reached XP level 6. HP: 61/67 MP: 5/5
  2709 | D:5      | XOM: summons friendly chaos spawn
  2711 | D:5      | Reached skill level 1 in Evocations
  2742 | D:5      | Found a glowing silver altar of Zin.
  2829 | D:5      | Found a shattered altar of Ashenzari.
  2829 | D:5      | Noticed an ice beast
  2836 | D:5      | Killed an ice beast
  2862 | D:5      | Reached skill level 5 in Maces & Flails
  2957 | D:5      | XOM: severe Pois miscast
  3065 | D:5      | Reached XP level 7. HP: 68/74 MP: 7/7
  3134 | D:5      | Found Ahataica's Gadget Boutique.
  3398 | D:5      | XOM: enchant monster (bad)
  3409 | D:5      | XOM: chaos upgrade
  3642 | D:5      | Found an iron altar of Okawaru.
  3762 | D:6      | Slain by a wight

Vault maps used:
D:1:      evilmike_arrival_crescent, hangedman_decor_clover_reticule
D:2:      first_ration, minmay_misc_feat_doors, grunt_dithmenos_smoke,
          uniq_crazy_yiuf_cottage
D:3:      tso_metal_star, lemuel_coloured_pillars_altar, st_stairs_9, uniq_ijyb,
          uniq_terence
D:5:      lemuel_ratsnest, zin_academy, nicolae_overflow_hidden_temple,
          basic_altar, serial_shops, shop, minmay_crystal_water,
          lemuel_altar_in_water
D:6:      minmay_temple_entry_junction, hangedman_decor_riveting

Skill      XL: |  1  2  3  4  5  6  7 |
---------------+----------------------+-----
Dodging        | 2 3 |  3.8
Maces & Flails | 3 4 5 |  5.9
Fighting       | 3 4 |  4.1
Evocations     | 1 2 |  2.2

Action                   |  1- 3 |  4- 6 |  7- 9 || total
-------------------------+-------+-------+-------++-------
Melee: Mace              |   105 |   185 |   120 ||   410
  Use: Scroll            |       |    11 |       ||    11
 Stab: Paralysed         |       |     2 |     2 ||     4
       Sleeping          |       |     2 |       ||     2
       Petrifying        |       |     1 |       ||     1
  Eat: Chunk             |    10 |    24 |     7 ||    41
Armor: Robe              |    70 |    88 |    22 ||   180
       Skin              |     2 |       |       ||     2
Dodge: Dodged            |    86 |   111 |    52 ||   249

Table legend:
 A = Non-vault XP
 B = Vault XP
 C = Vault XP percentage of total XP
 D = Non-vault monster count
 E = Vault monster count
 F = Vault count percentage of total count
                 A         B        C        D         E       F
            +---------+---------+-------+---------+---------+-------
      Total |     932 |     321 |  25.6 |      97 |      38 |  28.1
            +---------+---------+-------+---------+---------+-------
        D:1 |      39 |       0 |   0.0 |      20 |       0 |   0.0
        D:2 |      77 |      40 |  34.2 |      23 |       1 |   4.2
        D:3 |      20 |      87 |  81.3 |       7 |       5 |  41.7
        D:4 |      93 |       0 |   0.0 |      12 |       0 |   0.0
        D:5 |     585 |     194 |  24.9 |      33 |      32 |  49.2
        D:6 |     118 |       0 |   0.0 |       2 |       0 |   0.0
            +---------+---------+-------+---------+---------+-------
